 Dungeon Crawl Stone Soup version 0.22-a0-284-g99d1f74 (webtiles) character file.

146 Amnesiac the Gusty (level 5, 0/28 HPs)
             Began as a Tengu Air Elementalist on Mar 22, 2018.
             Slain by a gnoll
             ... wielding a +2 halberd of distortion
              (12 damage)
             ... on level 4 of the Dungeon.
             The game lasted 00:06:30 (2281 turns).

Amnesiac the Gusty (Tengu Air Elementalist)         Turns: 2281, Time: 00:06:30

Health: 0/28       AC:  4    Str:  8    XL:     5   Next: 28%
Magic:  2/10       EV: 12    Int: 17    God:
Gold:   148        SH:  0    Dex: 14    Spells: 5/10 levels left

rFire    . . .     SeeInvis .   m - +2 morningstar (crush)
rCold    . . .     Gourm    .   (no shield)
rNeg     . . .     Faith    .   j - +0 leather armour
rPois    .         Spirit   .   (helmet restricted)
rElec    .         Reflect  .   l - +0 cloak
rCorr    .         Harm     .   (no gloves)
MR       .....                  (boots unavailable)
Stlth    ++........             (no amulet)
HPRegen  0.09/turn              (no ring)
MPRegen  0.12/turn              (no ring)

@: no status effects
A: beak, talons 3, able to fly 1
a: Fly


You were on level 4 of the Dungeon.
You were not hungry.

You visited 1 branch of the dungeon, and saw 4 of its levels.

You collected 148 gold pieces.

Inventory:

Hand Weapons
 m - a +2 morningstar of crushing (weapon)
Missiles
 s - 23 poisoned needles
Armour
 a - a +0 robe
 j - a +0 leather armour (worn)
 l - a +0 cloak (worn)
 o - a +1 pair of gloves
Scrolls
 d - a scroll of fear {!r, unknown}
 f - 2 scrolls of magic mapping {!r, unknown}
 h - 2 scrolls of identify {!r, unknown}
 i - a scroll of teleportation {!r}
 k - a scroll of remove curse {!r}
 n - a scroll of blinking {!r, unknown}
 u - a scroll of amnesia {!r, unknown}
Potions
 e - a potion of invisibility {!q, unknown}
 g - a potion of agility {!q, unknown}
 q - a potion of magic {!q, unknown}
 t - a potion of lignification {!q, unknown}
Comestibles
 c - 8 rations


   Skills:
 - Level 2.1 Dodging
 - Level 2.0 Stealth
 + Level 3.2 Spellcasting
 - Level 1.3 Conjurations
 * Level 6.7 Air Magic


You had 5 spell levels left.
You knew the following spells:

 Your Spells              Type           Power        Failure   Level  Hunger
a - Shock                 Conj/Air       ###.         4%          1    None
d - Airstrike             Air            ####......   16%         4    ####...


Dungeon Overview and Level Annotations

Branches:
Dungeon (4/15)
 Temple: D:4-7

Altars:
Makhleb
Ru


Innate Abilities, Weirdness & Mutations

You have a beak for a mouth.
You have claws for feet.
You can fly.


Message History

The zap hits the gnoll.
You kill the gnoll!
You have reached level 5!
You have gained the ability to fly.
You start resting.
A gnoll comes into view. It is wielding a halberd of distortion.
A quokka comes into view.
A bullfrog zombie comes into view.
An orc comes into view. It is wielding a flail.
The bullfrog zombie hits you. The bullfrog zombie hits you.
Your magical contamination has completely faded away.
The bullfrog zombie closely misses you.
Casting: Shock (safe; 4% risk of failure)
Confirm with . or Enter, or press ? or * to list all spells.
Aiming: Shock (safe; 4% risk of failure)
Press: ? - help, Shift-Dir - straight line The zap hits the bullfrog zombie.
The bullfrog zombie is lightly damaged.
The zap hits the bullfrog zombie.
The bullfrog zombie is moderately damaged.
The bullfrog zombie barely misses you.
Casting: Shock (safe; 4% risk of failure)
Confirm with . or Enter, or press ? or * to list all spells.
Aiming: Shock (safe; 4% risk of failure)
Press: ? - help, Shift-Dir - straight line The zap hits the bullfrog zombie.
The bullfrog zombie is heavily damaged.
The zap hits the bullfrog zombie.
The bullfrog zombie is heavily damaged.
The gnoll shouts!
The bullfrog zombie hits you.
* * * LOW HITPOINT WARNING * * *
The bullfrog zombie misses you.
Casting: Shock (safe; 4% risk of failure)
Confirm with . or Enter, or press ? or * to list all spells.
Aiming: Shock (safe; 4% risk of failure)
Press: ? - help, Shift-Dir - straight line The zap hits the bullfrog zombie.
The bullfrog zombie is severely damaged.
The zap hits the bullfrog zombie.
The bullfrog zombie is severely damaged.
The bullfrog zombie closely misses you.
Casting: Shock (safe; 4% risk of failure)
Confirm with . or Enter, or press ? or * to list all spells.
Aiming: Shock (safe; 4% risk of failure)
Press: ? - help, Shift-Dir - straight line The zap hits the bullfrog zombie.
The bullfrog zombie is almost destroyed.
The zap hits the bullfrog zombie.
You destroy the bullfrog zombie!
A phantom comes into view.
Found a stone staircase leading down.
The phantom hits you.
* * * LOW HITPOINT WARNING * * *
Okay, then.
Really read
d - a scroll labeled FITOSCHEFIE {!r}?
Okay, then.
Really read
r - a scroll labeled HEMITHRO SAMIO {!r}?
As you read the scroll labeled HEMITHRO SAMIO {!r}, it crumbles to dust.
You experience a momentary feeling of inescapable doom!
It was a scroll of random uselessness {!r}.
The gnoll hits you from afar with a halberd of distortion!
You die...

####.##)......#
#..g..........#
#.##.##.......####
#.##.##...(..###..
#.##.........# #.#
#.####.......# #>#
#.####.......###.#
#.<....(......##W#
######..#...#.##@#
#....#...g..#
##.#...#.####
#.##.##.#
#.##.##.#
#.......#
###...### #...#
#...#


You could see a phantom and a gnoll.

Vanquished Creatures
  A scorpion (D:4)
  A bullfrog zombie (D:4)
  A gnoll (D:4)
  An adder (D:3)
  A worm (D:2)
  A dart slug (D:3)
  2 leopard geckos
  3 orcs (D:3)
  4 giant cockroaches
  3 goblins
  3 hobgoblins
  2 jackals (D:2)
  A ball python (D:2)
  6 bats
  4 frilled lizards
  3 kobolds
  10 rats
  A toadstool (D:1)
48 creatures vanquished.

Vanquished Creatures (others)
  3 toadstools (D:1)
3 creatures vanquished.

Grand Total: 51 creatures vanquished

Notes
Turn   | Place    | Note
-------+----------+-------------------------------------------
     0 | D:1      | Amnesiac the Tengu Air Elementalist began the quest for the Orb.
     0 | D:1      | Reached XP level 1. HP: 10/10 MP: 4/4
   241 | D:1      | Reached XP level 2. HP: 15/15 MP: 1/6
   798 | D:2      | Reached skill level 5 in Air Magic
  1122 | D:2      | Reached XP level 3. HP: 19/19 MP: 1/7
  1291 | D:2      | Found a sacrificial altar of Ru.
  1605 | D:3      | Noticed a centaur
  1720 | D:3      | Found a burning altar of Makhleb.
  1975 | D:3      | Reached XP level 4. HP: 24/24 MP: 5/9
  1981 | D:3      | Learned a level 4 spell: Airstrike
  2212 | D:4      | Reached skill level 6 in Air Magic
  2231 | D:4      | Gained mutation: You can fly. [Tengu growth]
  2231 | D:4      | Reached XP level 5. HP: 17/28 MP: 0/10
  2279 | D:4      | Noticed a phantom
  2281 | D:4      | Slain by a gnoll

Vault maps used:
D:1:      ldierk_water_garden
D:2:      nicolae_ru_awakened_eye, glass_columns_c
D:3:      nicolae_overflow_crystal_walls
D:4:      first_ration

Skill      XL: |  1  2  3  4 |
---------------+-------------+-----
Air Magic      | 5 6 |  6.7
Spellcasting   | 3 |  3.2
Dodging        | |  2.1
Stealth        | |  2.0
Conjurations   | |  1.3

Action                   |  1- 3 |  4- 6 || total
-------------------------+-------+-------++-------
Melee: Unarmed           |    21 |       ||    21
       Kick              |     8 |       ||     8
       Morningstar       |     7 |       ||     7
       Peck              |     1 |       ||     1
 Cast: Shock             |    72 |    19 ||    91
  Use: Scroll            |       |     3 ||     3
       Potion            |       |     2 ||     2
  Eat: Chunk             |     4 |     1 ||     5
Armor: Robe              |     2 |       ||     2
       Leather armour    |     6 |     1 ||     7
Dodge: Dodged            |    27 |     8 ||    35

Table legend:
 A = Spawn XP
 B = Non-spawn XP
 C = Spawn XP percentage of total XP
 D = Spawn monster count
 E = Non-spawn monster count
 F = Spawn count percentage of total count
 G = Total turns spent on level
                    A         B        C        D         E        F      G
               +---------+---------+-------+---------+---------+-------+---------
         Total |       0 |     209 |   0.0 |       0 |      47 |   0.0 |  2281
               +---------+---------+-------+---------+---------+-------+---------
           D:1 |       0 |      16 |   0.0 |       0 |      11 |   0.0 |   841
           D:2 |       0 |      30 |   0.0 |       0 |      17 |   0.0 |   611
           D:3 |       0 |      39 |   0.0 |       0 |      16 |   0.0 |   735
           D:4 |       0 |     124 |   0.0 |       0 |       3 |   0.0 |    94
               +---------+---------+-------+---------+---------+-------+---------
